 Dungeon Crawl Stone Soup version 0.19.0-16-g73b5abf (webtiles) character file.

290 Gargoyl the Skirmisher (level 6, -6/48 HPs)
             Began as a Demonspawn Abyssal Knight on Nov 11, 2016.
             Was a Priest of Lugonu.
             Mangled by Gargoyl's ghost (7 damage)
             ... on level 4 of the Dungeon.
             The game lasted 00:06:20 (3596 turns).

Gargoyl the Skirmisher (Demonspawn Abyssal Knight)  Turns: 3596, Time: 00:06:21

Health: -6/48      AC:  6    Str: 16 (17) XL:     6   Next: 9%
Magic:  8/8        EV: 11    Int: 11 (13) God:    Lugonu [***...]
Gold:   154        SH:  0    Dex:  9 (12) Spells: 0 memorised, 5 levels left

rFire  . . .     SeeInvis .     a - +1 hand axe
rCold  . . .     Gourm    .     p - +0 ring mail
rNeg   . . .     Faith    .     (no shield)
rPois  .         Spirit   .     d - +0 helmet
rElec  .         Reflect  .     (no cloak)
rCorr  .         Harm     .     (no gloves)
MR     .....     Rnd*Tele +     (no boots)
Stlth  ..........               m - amulet of regeneration
                                (no ring)
                                (no ring)

@: no status effects
A: deterioration 1, powered by pain 2, strong 1, teleportitis 1
a: Depart the Abyss, Bend Space, Banish, Renounce Religion


You were on level 4 of the Dungeon.
You worshipped Lugonu.
Lugonu was most pleased with you.
You were very hungry.

You visited 1 branch of the dungeon, and saw 4 of its levels.
You visited the Abyss 1 time.

You collected 154 gold pieces.

Inventory:

Hand Weapons
 a - a +1 hand axe (weapon)
Armour
 d - a +0 helmet (worn)
 p - a +0 ring mail (worn)
Jewellery
 j - a +6 amulet of reflection
 m - an amulet of regeneration (around neck)
Wands
 g - a wand of random effects (31/48)
 r - a wand of polymorph (9/24)
Scrolls
 e - a scroll of teleportation {unknown}
 h - a scroll of enchant weapon {unknown}
 i - a scroll of identify
 k - 2 scrolls of amnesia {unknown}
 l - 5 scrolls of remove curse {unknown}
 s - a scroll of enchant armour {unknown}
 t - a scroll of recharging {unknown}
Comestibles
 b - a meat ration
 c - a bread ration
 f - 2 fruits
 q - a slice of pizza


   Skills:
 + Level 4.1 Fighting
 + Level 3.2 Axes
 * Level 3.4 Armour
 + Level 1.6 Dodging
 * Level 3.9 Invocations


You had 5 spell levels left.
You didn't know any spells.

Dungeon Overview and Level Annotations

Branches:
Dungeon (4/15)             Temple (0/1) D:4

Altars:
Dithmenos
Elyvilon
Okawaru
Yredelemnul

Annotations:
D:3 Grinder
D:4 Gargoyl's ghost, novice DsAK


Innate Abilities, Weirdness & Mutations

You sometimes gain power by taking damage.
Your body sometimes deteriorates upon taking damage.
Your muscles are strong. (Str +2)
You are occasionally teleported next to monsters.


Message History

You aren't carrying any potions.
Press: ? - help, Shift-Dir - straight line, f - Gargoyl's ghost
Aim: Gargoyl's ghost (lightly damaged, chance to defeat MR: 63%)
You fail to use your ability.
Gargoyl's ghost hits you.
* * * LOW HITPOINT WARNING * * *
Press: ? - help, Shift-Dir - straight line, f/p - Gargoyl's ghost
Aim: Gargoyl's ghost (lightly damaged, chance to defeat MR: 63%)
You fail to use your ability.
Gargoyl's ghost hits you!
* * * LOW HITPOINT WARNING * * *
Press: ? - help, Shift-Dir - straight line, f/p - Gargoyl's ghost
Aim: Gargoyl's ghost (lightly damaged, chance to defeat MR: 63%)
You fail to use your ability.
Gargoyl's ghost barely misses you.
Press: ? - help, Shift-Dir - straight line, f/p - Gargoyl's ghost
Aim: Gargoyl's ghost (lightly damaged, chance to defeat MR: 63%)
You fail to use your ability.
Gargoyl's ghost hits you.
* * * LOW HITPOINT WARNING * * *
Press: ? - help, Shift-Dir - straight line, f/p - Gargoyl's ghost
Aim: Gargoyl's ghost (lightly damaged, chance to defeat MR: 63%)
You fail to use your ability.
Gargoyl's ghost hits you!
You die...

#..........
#...>......
#..........
#......... #........
. #...$.# ..
##########.....# ...
#..@Wha........# ...
#.#####.#####'###...
# .....h.W'....%.
####.###.l......
.........###.
.....≈.......
≈≈≈≈≈≈≈P..≈≈≈.
≈≈≈≈≈≈≈≈≈≈≈≈≈≈
≈P≈o≈≈≈≈≈≈≈≈≈≈


You could see a worker ant, Gargoyl's ghost and a jackal.

Vanquished Creatures
  The ghost of CALLOUS the Ducker, an amateur SpMo (D:3)
  A quasit (D:4)
  Jessica (D:3)
  A worker ant (D:4)
  4 adders
  3 worms
  7 dart slugs
  4 leopard geckos
  An orc (D:3)
  2 giant cockroaches
  10 goblins
  5 hobgoblins
  9 jackals
  2 quokkas
  3 ball pythons
  5 bats
  6 frilled lizards
  11 kobolds
  A quokka zombie (D:3)
  8 rats
85 creatures vanquished.

Vanquished Creatures (others)
  An ooze (D:1)
1 creature vanquished.

Grand Total: 86 creatures vanquished

Notes
Turn   | Place    | Note
-------+----------+-------------------------------------------
     0 | Abyss:1  | Gargoyl the Demonspawn Abyssal Knight began the quest for the Orb.
     0 | Abyss:1  | Reached XP level 1. HP: 18/18 MP: 2/2
    62 | Abyss:1  | Noticed a large abomination
    63 | Abyss:1  | Noticed a red draconian
    63 | D:1      | Escaped the Abyss
   219 | D:1      | Gained mutation: You sometimes gain a little power by taking damage. [demonic ancestry]
   219 | D:1      | Reached XP level 2. HP: 24/24 MP: 3/3
   258 | D:1      | Reached * piety under Lugonu
   260 | D:1      | Reached skill level 1 in Dodging
   526 | D:1      | Reached XP level 3. HP: 24/29 MP: 4/4
   800 | D:1      | Found an iron altar of Okawaru.
  1460 | D:2      | Reached ** piety under Lugonu
  1738 | D:2      | Gained mutation: You sometimes gain power by taking damage. [demonic ancestry]
  1738 | D:2      | Reached XP level 4. HP: 35/35 MP: 6/6
  2176 | D:2      | Found a white marble altar of Elyvilon.
  2316 | D:2      | Found a basalt altar of Yredelemnul.
  2419 | D:3      | Noticed CALLOUS's ghost (amateur SpMo)
  2591 | D:3      | Gained mutation: You are occasionally teleported next to monsters. [potion of mutation]
  2591 | D:3      | Gained mutation: Your body sometimes deteriorates upon taking damage. [potion of mutation]
  2591 | D:3      | Gained mutation: Your muscles are strong. (Str +2) [potion of mutation]
  2600 | D:3      | Killed CALLOUS's ghost
  2600 | D:3      | Reached XP level 5. HP: 28/42 MP: 7/7
  2757 | D:3      | Noticed Jessica
  2783 | D:3      | Killed Jessica
  3011 | D:3      | Noticed Grinder
  3028 | D:3      | Paralysed by Grinder for 2 turns
  3272 | D:4      | Reached skill level 4 in Fighting
  3450 | D:4      | Found a shadowy altar of Dithmenos.
  3527 | D:4      | Noticed Gargoyl's ghost (novice DsAK)
  3535 | D:4      | Found a staircase to the Ecumenical Temple.
  3555 | D:4      | Reached XP level 6. HP: 26/48 MP: 8/8
  3560 | D:4      | Reached *** piety under Lugonu
  3595 | D:4      | HP: 1/48 [Gargoyl's ghost (5)]
  3596 | D:4      | Mangled by Gargoyl's ghost

Skill      XL: |  1  2  3  4  5 |
---------------+----------------+-----
Armour         | 2 3 |  3.4
Axes           | 2 3 |  3.2
Dodging        | 1 |  1.6
Invocations    | 3 |  3.9
Fighting       | 4 |  4.1

Action                   |  1- 3 |  4- 6 || total
-------------------------+-------+-------++-------
Melee: Hand axe          |   174 |   213 ||   387
Invok: Depart the Abyss  |     1 |       ||     1
  Use: Potion            |       |    10 ||    10
       Scroll            |       |     2 ||     2
  Eat: Chunk             |     3 |     1 ||     4
       Bread ration      |       |     1 ||     1
Armor: Leather armour    |    38 |       ||    38
       Ring mail         |    26 |   100 ||   126
Dodge: Dodged            |   106 |   168 ||   274
